 Dungeon Crawl Stone Soup version 0.20.1-1-g8b1a95d (webtiles) character file.

220 Mitsuki the Skirmisher (level 5, -8/46 (47) HPs)
             Began as a Ghoul Monk on Oct 4, 2017.
             Mangled by Menkaure (15 damage)
             ... on level 4 of the Dungeon.
             The game lasted 00:06:30 (2510 turns).

Mitsuki the Skirmisher (Ghoul Monk)                 Turns: 2510, Time: 00:06:30

HP:   -8/46 (47)    AC:  5    Str: 16    XL:     5   Next: 97%
MP:   4/4           EV: 14    Int:  5    God:
Gold: 185           SH:  0    Dex: 16    Spells: 4/4 levels left

rFire    + . .     SeeInvis .     - Unarmed
rCold    + . .     Gourm    .   (no shield)
rNeg     + + +     Faith    .   a - +0 robe
rPois    ∞         Spirit   .   i - +0 helmet
rElec    .         Reflect  .   r - +0 cloak
rCorr    .         Harm     .   (no gloves)
MR       .....                  o - +0 pair of boots
Stlth    ++........             (no amulet)
Regen    0.0/turn               k - +5 ring of dexterity
MPRegen  0.1/turn               s - ring of protection from fire

@: rotting
A: rotting body, claws 1, carnivore 3, cold resistance 1, negative energy
resistance 3, inhibited regeneration, torment resistance, unbreathing
a: no special abilities


You were on level 4 of the Dungeon.
You were not hungry.

You visited 1 branch of the dungeon, and saw 4 of its levels.

You collected 185 gold pieces.

Inventory:

Armour
 a - a +0 robe (worn)
 i - a +0 helmet (worn)
 o - a +0 pair of boots (worn)
 r - a +0 cloak (worn)
Jewellery
 k - a +5 ring of dexterity (left claw)
 s - a ring of protection from fire (right claw)
Scrolls
 c - a scroll of magic mapping {unknown}
 d - 2 scrolls of teleportation {unknown}
 e - 3 scrolls of blinking {unknown}
 g - 5 scrolls of remove curse {unknown}
 j - a scroll of recharging {unknown}
 m - a scroll of amnesia {unknown}
 q - a scroll of identify {unknown}
Potions
 f - a potion of lignification {unknown}
 h - a potion of flight {unknown}
 l - 2 potions of curing {unknown}
 n - a potion of might {unknown}
 p - a potion of resistance {unknown}
 u - a potion of haste {unknown}
 w - a potion of ambrosia {unknown}
 x - a potion of mutation {unknown}
Comestibles
 b - 2 meat rations


   Skills:
 + Level 4.3 Fighting
 + Level 2.4 Armour
 + Level 3.9 Dodging
 - Level 2.1 Stealth
 + Level 4.3 Unarmed Combat


You had 4 spell levels left.
You didn't know any spells.

Dungeon Overview and Level Annotations

Branches:
Dungeon (4/15)
 Temple: D:4-7

Altars:
Xom

Annotations:
D:4 Menkaure


Innate Abilities, Weirdness & Mutations

Your body is rotting away.
You thrive on raw meat.
You are immune to poison.
You have sharp fingernails.
You are carnivorous and can eat meat at any time.
Your flesh is cold resistant. (rC+)
You are immune to negative energy. (rN+++)
You do not regenerate when monsters are visible.
You are immune to unholy pain and torment.
You can survive without breathing.


Message History

You barely miss Menkaure.
Menkaure is heavily damaged.
Menkaure completely misses you.
You scratch Menkaure.
Menkaure is heavily damaged.
Menkaure barely misses you.
You barely miss Menkaure.
Menkaure is heavily damaged.
Menkaure hits you.
You scratch Menkaure but do no damage.
Menkaure is heavily damaged.
Menkaure completely misses you.
You scratch Menkaure but do no damage.
Menkaure is heavily damaged.
Menkaure hits you!!
* * * LOW HITPOINT WARNING * * *
You claw Menkaure!
Menkaure is almost destroyed.
Menkaure hits you!
You die...

###########
#.........#
#..<......#
#.........#
######.........#
...............#
.....#.........#
.....#.........####
###.<...........@M#
####.........##.......
#.........####.....
#.####.........####
#.# #.########.. #.#
...# #...##.. .>. ..#
.. ###


You could see Menkaure.

Vanquished Creatures
  The ghost of Kunitse the Skirmisher, an amateur KoBe of Trog (D:4)
  6 adders
  2 oozes
  2 worms (D:3)
  3 dart slugs
  2 leopard geckos
  An orc (D:3)
  A ball python (D:3)
  2 giant cockroaches
  9 goblins
  7 hobgoblins
  4 jackals (D:3)
  7 kobolds
  8 bats
  6 frilled lizards
  7 rats
68 creatures vanquished.

Notes
Turn   | Place    | Note
-------+----------+-------------------------------------------
     0 | D:1      | Mitsuki the Ghoul Monk began the quest for the Orb.
     0 | D:1      | Reached XP level 1. HP: 19/19 MP: 0/0
    71 | D:1      | Reached XP level 2. HP: 10/26 MP: 1/1
   274 | D:1      | Reached skill level 1 in Armour
   357 | D:1      | Reached XP level 3. HP: 29/33 MP: 2/2
   872 | D:2      | Reached XP level 4. HP: 40/40 MP: 3/3
  1541 | D:3      | Found a shimmering altar of Xom.
  1624 | D:3      | Reached XP level 5. HP: 41/45 MP: 4/4
  2223 | D:4      | Noticed Kunitse's ghost (amateur KoBe)
  2248 | D:4      | Killed Kunitse's ghost
  2492 | D:4      | Noticed Menkaure
  2510 | D:4      | Mangled by Menkaure

Skill      XL: |  1  2  3  4  5 |
---------------+----------------+-----
Dodging        | 3 |  3.9
Armour         | 1 2 |  2.4
Fighting       | 4 |  4.3
Unarmed Combat | 4 |  4.3
Stealth        | |  2.1

Action                   |  1- 3 |  4- 6 || total
-------------------------+-------+-------++-------
Melee: Unarmed           |   102 |   127 ||   229
       Punch             |     1 |     4 ||     5
 Stab: Sleeping          |     6 |    10 ||    16
  Eat: Chunk             |    16 |     7 ||    23
       Royal jelly       |       |     1 ||     1
Armor: Robe              |    13 |    36 ||    49
Dodge: Dodged            |    65 |    97 ||   162
